 Dungeon Crawl Stone Soup version 0.29.1-15-g9cfb28693d (webtiles) character file.

Game seed: 15418135790049207573

221 Anriel the Magician (level 5, -3/26 (28) HPs)
             Began as a Deep Elf Hedge Wizard on Feb 22, 2023.
             Was an Initiate of Sif Muna.
             Slain by a two-headed ogre
             ... wielding a +0 giant club
              (16 damage)
             ... on level 4 of the Dungeon.
             The game lasted 00:22:29 (3252 turns).

Anriel the Magician (Deep Elf Hedge Wizard)         Turns: 3252, Time: 00:22:30

HP:   -3/26 (28)    AC:  2    Str:  7    XL:     5   Next: 65%
MP:   12/14         EV: 17    Int: 21    God:    Sif Muna [......]
Gold: 187           SH:  0    Dex: 14    Spells: 3/14 levels left

rFire   . . .      SeeInvis .   i - +1 dagger (elec)
rCold   . . .      Faith    .   (no shield)
rNeg    . . .      Spirit   .   b - +0 robe
rPois   .          Reflect  .   c - +0 hat
rElec   .          Harm     .   (no cloak)
rCorr   .          Rampage  .   (no gloves)
Will    .....                   (no boots)
Stlth   ++........              k - amulet of regeneration
HPRegen 0.88/turn               n - +4 ring of evasion
MPRegen 0.14/turn               (no ring)

@: lethally poisoned (-3 -> -3), slowed, drained, very slow
A: no striking features
a: Renounce Religion


You were on level 4 of the Dungeon.
You worshipped Sif Muna.
Sif Muna was noncommittal.
You visited 2 branches of the dungeon, and saw 5 of its levels.

You collected 187 gold pieces.

Inventory:

Hand Weapons
 i - a +1 dagger of electrocution (weapon)
Armour
 a - a +0 leather armour
 b - a +0 robe (worn)
 c - a +0 hat (worn)
 q - a +0 ring mail of cold resistance
Jewellery
 f - a ring of ice
 k - an amulet of regeneration (around neck)
 m - an amulet of reflection
 n - a +4 ring of evasion (left hand)
Potions
 e - a potion of flight {unknown}
 g - 3 potions of heal wounds
 l - a potion of resistance {unknown}
 r - a potion of cancellation {unknown}


   Skills:
 + Level 4.6 Dodging
 + Level 3.7 Stealth
 - Level 5.0 Spellcasting
 - Level 3.0 Conjurations
 + Level 2.8 Hexes
 - Level 1.1 Summonings
 - Level 1.1 Translocations


You had 3 spell levels left.
You knew the following spells:

 Your Spells              Type           Power      Damage    Failure   Level
a - Magic Dart            Conj           68%        1d6       3%          1
b - Blink                 Tloc           18%        N/A       11%         2
c - Slow                  Hex            68%        N/A       3%          1
d - Call Imp              Summ           9%         N/A       11%         2
e - Passwall              Tmut/Erth      4%         N/A       16%         2
f - Stone Arrow           Conj/Erth      22%        3d8       17%         3

Your spell library contained the following spells:

 Spells                   Type           Power      Damage    Failure   Level
 Conjure Flame            Conj/Fire      11%        6-21      17%         3
 Teleport Other           Tloc           9%         N/A       21%         3
 Mephitic Cloud           Conj/Pois/Air  9%         N/A       22%         3
 Ozocubu's Armour         Ice            5%         N/A       32%         3
 Petrify                  Tmut/Erth      5%         N/A       71%         4
 Metabolic Englaciation   Hex/Ice        5%         N/A       86%         5
 Manifold Assault         Tloc           9%         N/A       88%         5
 Lee's Rapid Deconstruct  Erth           2%         3d6*      96%         5
 Simulacrum               Ice/Necr       2%         N/A       100%        6
 Statue Form              Tmut/Erth      3%         N/A       100%        6
 Storm Form               Tmut/Air       2%         N/A       100%        7


Dungeon Overview and Level Annotations

Branches:
Dungeon (4/15)             Temple (1/1) D:4

Altars:
Ashenzari
Cheibriados
Dithmenos
Fedhas
Gozag
Hepliaklqana
Nemelex Xobeh
Okawaru
Ru
Sif Muna
Trog
Uskayaw
Vehumet
Xom
Zin

Annotations:
D:4 Sigmund


Message History

You feel much better. The necrophage closely misses you.
Casting: Slow (safe; 3% risk of failure)
Confirm with . or Enter, or press ? or * to list all spells.
You blink.
You feel stable enough to blink again.
The kobold brigand throws a curare-tipped dart.
The curare-tipped dart hits you.
You are poisoned.
You have difficulty breathing.
You feel as though you will be slow longer.
You aren't carrying any scrolls.
Unknown command.
Okay, then.
What are your orders? t - Shout!
Orders for allies: a - Attack new target. p - Attack previous target. r - Retreat! s - Stop attacking. g - Guard the area. f - Follow me.
Anything else - Cancel.
Okay, then.
Okay, then.
Throw: throwing net
Press: ? - help, Shift-Dir - straight line, f - kobold brigand, p - necrophage
Aim: a kobold brigand, wielding a +0 short sword and quivering curare-tipped darts (moderately wounded, 50% to hit)
You throw a throwing net.
The throwing net hits the kobold brigand.
The kobold brigand is caught in the net!
The kobold brigand is moderately wounded.
You feel very sick.
The kobold brigand struggles against the net.
The necrophage attacks as you move away!
The necrophage completely misses you.
You feel very sick.
The kobold brigand struggles against the net. x2
You feel very sick.
The kobold brigand struggles against the net.
The two-headed ogre attacks as you move away!
The two-headed ogre hits you with a +0 giant club!
Ouch! That really hurt!
You die...

........<.#
.######..#######
.##bb..........#
.##............#
.##b...........##
..............†.#
.##.###..######.#
.##.# #.##
###.########
....# #.#
#.).@n.....#
.#### #.#
#....O.J...# .#
#.#
#..........###
.######.##
#........K...#
.........#
#..........#.#
### .####..>.#
#..........#.#
#.. .# #....#
#..........#.#
#.# ## #...##
#..........#K#
#.# #####
#..........#O#
#.####


You could see a two-headed ogre, a kobold brigand (caught), a necrophage (slow)
and an endoplasm.

Vanquished Creatures
  An orc priest (D:3)
  Jessica (D:3)
  Terence (D:2)
  4 adders
  A worm (D:3)
  2 dart slugs
  3 orcs (D:3)
  6 bats
  3 endoplasms
  4 giant cockroaches
  7 goblins
  2 hobgoblins
  7 jackals
  6 kobolds
  6 quokkas
  2 ball pythons
  9 frilled lizards
  3 rats
68 creatures vanquished.

Vanquished Creatures (collateral kills)
  A hound (D:3)
1 creature vanquished.

Grand Total: 69 creatures vanquished

Notes
Turn   | Place    | Note
-------+----------+-------------------------------------------
     0 | D:1      | Anriel the Deep Elf Hedge Wizard began the quest for the
                  | Orb.
     0 | D:1      | Reached XP level 1. HP: 10/10 MP: 7/7
   189 | D:1      | Reached XP level 2. HP: 13/15 MP: 1/9
   292 | D:1      | Learned a level 2 spell: Blink
   294 | D:1      | Learned a level 1 spell: Slow
   297 | D:1      | Learned a level 2 spell: Call Imp
   840 | D:1      | Reached XP level 3. HP: 19/19 MP: 8/11
  1222 | D:2      | Noticed Terence
  1280 | D:2      | Killed Terence
  1497 | D:2      | Reached skill level 5 in Spellcasting
  1725 | D:2      | You fall into a shaft and drop 1 floor!
  1773 | D:3      | Reached XP level 4. HP: 24/24 MP: 0/13
  2044 | D:3      | Reached skill level 1 in Hexes
  2262 | D:3      | Noticed Jessica
  2273 | D:3      | Killed Jessica
  2274 | D:3      | Reached XP level 5. HP: 25/28 MP: 11/14
  2448 | D:3      | Found a blossoming altar of Fedhas.
  2592 | D:3      | Identified a scroll of acquirement
  2592 | D:3      | Acquired Sif Muna's Book of Chthonic Translocation
  2597 | D:3      | Learned a level 2 spell: Passwall
  2601 | D:3      | Learned a level 3 spell: Stone Arrow
  2784 | D:4      | Noticed Sigmund
  2835 | D:4      | Found a staircase to the Ecumenical Temple.
  2844 | Temple   | Entered the Ecumenical Temple
  3097 | Temple   | Became a worshipper of Sif Muna the Loreminder
  3224 | D:4      | Noticed a two-headed ogre
  3240 | D:4      | HP: 1/26 [necrophage (2)]
  3252 | D:4      | Slain by a two-headed ogre

Illustrated notes

Levels and vault maps discovered:
D:1:      scummos_arrival_simple_crosswalls, layout_basic
D:2:      layout_loops_corners, kennysheep_generic_room_13, uniq_terence
D:3:      layout_basic, fedhas_altar_2, uniq_jessica
D:4:      layout_basic, mainiacjoe_overflow_24_doors,
          mainiacjoe_overflow_catwalk_spiral, minmay_temple_entry_butterflies,
          minmay_manual_monstrance, uniq_sigmund
Temple:   minmay_temple_curvy_branch

Skill      XL: |  1  2  3  4 |
---------------+-------------+-----
Stealth        | 3 |  3.7
Dodging        | 3 4 |  4.6
Conjurations   | 2 3 |  3.0
Spellcasting   | 5 |  5.0
Hexes          | 2 |  2.8
Summonings     | |  1.1
Translocations | |  1.1

Action                   |  1- 3 |  4- 6 || total
-------------------------+-------+-------++-------
Melee: Dagger            |    26 |    69 ||    95
Throw: Throwing net      |       |     1 ||     1
 Cast: Magic Dart        |    97 |    31 ||   128
       Call Imp          |     3 |     2 ||     5
       Slow              |     3 |     2 ||     5
       Blink             |     2 |     1 ||     3
  Use: Scroll            |     5 |     4 ||     9
       Potion            |     2 |     2 ||     4
 Stab: Sleeping          |     1 |     8 ||     9
Armor: Robe              |    10 |     4 ||    14
Dodge: Dodged            |    19 |    59 ||    78
